Map: Crête de Lerilak

Players

zidar - Winner!

  • Race: Zerg Zerg
  • League: Silver
  • Spawn Location: 5:00

keimpen

  • Race: Zerg Zerg
  • League: Silver
  • Spawn Location: 1:00

VOD

Have the link to the VOD?

Description

Time

  • Played on: March 5, 2016, 9:08 a.m.
  • Length: 14:46
Show
View Real Time Build Order
Export as new Build Order

zidar Zerg - Winner!

Build Orders: Pool First 

Get SALT Encoding   

  12  0:02  Drone  
  13  0:12  Overlord  
  13  0:18  Drone  
  14  0:30  Drone x2  
  14  0:34  Drone  
  17  0:48  Spawning Pool  
  16  0:50  Drone  
  17  1:16  Hatchery  
  16  1:24  Drone  
  16  1:25  Drone  
  18  1:34  Extractor, Drone  
  18  1:36  Queen  
  20  1:47  Drone x2  
  22  2:09  Overlord  
  22  2:26  Queen  
  22  2:29  Zergling x2  
  24  2:30  Zergling x4  
  24  2:32  Zergling x2  
  27  2:45  Zergling x4  
  27  2:46  Zergling x6  
  32  3:01  Roach Warren  
  32  3:02  Extractor  
  32  3:04  Drone x3  
  33  3:40  Overlord x2  
  33  3:58  Evolution Chamber  
  33  3:59  Roach  
  33  4:00  Roach x7  
  48  4:05  Metabolic Boost  
  48  4:18  Roach x2  
  52  4:36  Zerg Missile Weapons Level 1  
  52  4:42  Overlord  
  52  4:43  Overlord  
  41  5:07  Roach x4  
  49  5:16  Drone x2  
  51  5:40  Roach  
  51  5:41  Roach x3  
  59  5:46  Roach  
  61  5:54  Drone  
  61  5:55  Drone x2  
  64  6:30  Roach  
  64  6:31  Roach  
  46  6:55  Spore Crawler  
  46  6:58  Spore Crawler x2  
  46  6:59  Spore Crawler  
  38  7:03  Spore Crawler  
  38  7:05  Spore Crawler x3  
  29  7:35  Drone x9  
  29  7:36  Drone x3  
  41  7:55  Zergling x2  
  41  7:56  Zergling x6  
  43  8:16  Ravager  
  42  8:22  Lair  
  42  8:34  Zerg Ground Armor Level 1  
  42  8:43  Extractor  
  42  8:44  Extractor  
  42  8:45  Hatchery  
  37  8:51  Drone x6  
  43  9:24  Zergling x10  
  45  9:25  Zergling x4  
  49  9:57  Spire  
  49  10:00  Zergling x20  
  55  11:13  Mutalisk  
  55  11:14  Mutalisk x8  
  73  11:25  Drone  
  74  11:46  Overlord  
  74  11:47  Overlord  
  74  12:05  Drone x9  
  74  12:06  Drone x5  
  79  12:59  Mutalisk  
  79  13:00  Mutalisk x4  
  89  13:10  Overlord x3  
  89  13:11  Overlord  
  89  13:17  Extractor  
  88  13:22  Queen, Extractor  
  89  13:38  Mutalisk  
  89  13:39  Mutalisk x11  
  113  13:58  Roach x4  
  121  14:17  Overlord x2  
  121  14:18  Overlord  
Show
View Real Time Build Order
Export as new Build Order

keimpen Zerg 

Build Orders: Hatch First 

Get SALT Encoding   

  12  0:04  Drone  
  13  0:13  Overlord  
  13  0:24  Drone  
  14  0:31  Drone  
  14  0:34  Drone  
  16  0:41  Extractor  
  16  0:42  Drone  
  16  0:53  Drone  
  17  1:03  Hatchery  
  16  1:08  Drone  
  17  1:19  Spawning Pool  
  17  1:22  Drone  
  17  1:31  Drone x2  
  19  1:42  Extractor, Drone  
  19  1:53  Overlord  
  19  2:06  Zergling x2  
  20  2:14  Spine Crawler  
  19  2:20  Zergling x4  
  19  2:22  Metabolic Boost  
  21  2:36  Queen  
  23  2:38  Queen  
  25  2:45  Drone x3  
  28  2:57  Zergling x2  
  28  2:58  Zergling x2  
  30  3:25  Lair  
  30  3:29  Zergling x12  
  36  3:52  Overlord  
  36  3:53  Overlord  
  36  4:12  Zergling x10  
  36  4:13  Zergling x2  
  42  4:23  Zergling x4  
  44  4:37  Zergling x4  
  46  4:47  Drone  
  42  4:55  Spire  
  32  5:02  Zergling x4  
  32  5:03  Zergling x10  
  38  5:42  Spine Crawler  
  37  5:43  Zergling x2, Drone x2  
  40  5:50  Zergling x4  
  40  5:51  Zergling x2  
  42  6:16  Mutalisk x4  
  42  6:17  Mutalisk x2  
  49  6:30  Mutalisk  
  49  6:32  Overlord x2  
  49  6:48  Mutalisk x2  
  49  6:51  Mutalisk  
  46  7:07  Zergling x2  
  46  7:08  Zergling x8  
  43  7:46  Zergling x4  
  43  7:47  Zergling x10  
  49  8:00  Hatchery  
  45  8:15  Zergling x8  
  48  8:32  Mutalisk x4  
  55  8:54  Zergling x4  
  55  8:55  Zergling x6  
  60  9:14  Drone  
  61  9:21  Mutalisk x2  
  61  9:23  Drone x2  
  67  9:45  Drone  
  67  9:46  Drone x2  
  67  9:50  Spine Crawler  
  69  10:08  Zergling x2  
  69  10:09  Zergling x8  
  71  10:29  Drone x3  
  74  10:46  Overlord x2  
  74  11:14  Mutalisk  
  74  11:15  Mutalisk x2  
  80  11:20  Mutalisk  
  82  11:35  Mutalisk x2  
  85  11:56  Drone x2  
  85  11:57  Drone  
  88  12:14  Spine Crawler  
  87  12:16  Drone  
  87  12:17  Spine Crawler  
  87  12:19  Mutalisk  
  87  12:21  Overlord x2  
  89  12:32  Drone  
  89  12:34  Overlord  
  90  13:01  Drone x3  
  90  13:05  Mutalisk x2  
  98  13:12  Drone  
  98  13:15  Drone  
  99  13:26  Extractor  
  98  13:32  Extractor  
  97  13:34  Mutalisk  
  97  13:36  Spine Crawler  
  98  13:46  Drone x4  
  98  13:47  Drone  
  101  14:21  Mutalisk x3  
  101  14:22  Mutalisk x2  
Tags
 
Add a new tag
Caveats
  • Supply blocks, unpowered buildings, or Contaminate may cause inaccurate times.
  • Supply counts are checked every 10 seconds.